 Dungeon Crawl Stone Soup version 0.28-a0-793-g31680bbd8b (webtiles) character file.

Game seed: 10353035469638944882

6437 rogsnak the Destroyer (level 10, -4/81 HPs)
             Began as a White Draconian Earth Elementalist on Nov 4, 2021.
             Was a Believer of Sif Muna.
             Slain by a wolf (5 damage)
             ... on level 8 of the Dungeon.
             The game lasted 00:30:00 (12725 turns).

rogsnak the Destroyer (DrEE)                       Turns: 12725, Time: 00:30:00

Health: -4/81      AC: 12    Str: 18    XL:     10   Next: 67%
Magic:  21/21      EV: 12    Int: 18    God:    Sif Muna [**....]
Gold:   470        SH:  3    Dex: 11    Spells: 16/24 levels left

rFire   . . .      SeeInvis .   u - +1 spear (venom)
rCold   + . .      Faith    .   G - +0 buckler
rNeg    . . .      Spirit   .   (armour unavailable)
rPois   .          Reflect  .   h - +2 hat {Will+}
rElec   .          Harm     .   q - scarf {repulsion}
rCorr   .          Rampage  .   p - +2 pair of gloves
Will    +....                   (no boots)
Stlth   ++........              (no amulet)
HPRegen 0.23/turn               d - ring of willpower
MPRegen 0.17/turn               F - +6 ring of strength

@: weak-willed, repel missiles
A: breathe frost, AC +7, unfitting armour, cold resistance 1, cold-blooded
a: Breathe Frost, Renounce Religion, Channel Magic


You were on level 8 of the Dungeon.
You worshipped Sif Muna.
Sif Muna was pleased with you.
You visited 2 branches of the dungeon, and saw 10 of its levels.

You collected 470 gold pieces.

Inventory:

Hand Weapons
 a - a +0 club
 o - a +0 hand axe
 t - a +0 flail
 u - a +1 spear of venom (weapon)
 w - a +0 great mace
 A - a +3 dagger
 L - a +2 spectral quarterstaff
Missiles
 b - 180 stones
 k - 27 poisoned darts
 x - 3 javelins
 H - 3 throwing nets
Armour
 c - a +0 hat
 g - a +1 cloak
 h - a +2 hat of willpower (worn)
 p - a +2 pair of gloves (worn)
 q - a scarf of repulsion (worn)
 r - a +0 kite shield
 G - a +0 buckler (worn)
Magical Staves
 m - a staff of death
 P - a staff of poison
Jewellery
 d - a ring of willpower (left hand)
 F - a +6 ring of strength (right hand)
 J - a ring of poison resistance
Wands
 y - a wand of digging (8)
 Q - a wand of acid (7)
Scrolls
 e - 2 scrolls of identify
 f - a scroll of amnesia
 i - a scroll of enchant armour {unknown}
 j - a scroll of enchant weapon
 l - a scroll of vulnerability
 n - 3 scrolls of noise
 v - a scroll of acquirement {unknown}
 B - 2 scrolls of magic mapping
 C - a scroll of teleportation {unknown}
 D - a scroll of summoning {unknown}
 O - a scroll of silence {unknown}
Potions
 s - a potion of haste {unknown}
 z - a potion of invisibility {unknown}
 E - a potion of brilliance {unknown}
 I - 3 potions of might {unknown}
 K - a potion of curing {unknown}
 M - a potion of mutation {unknown}
 N - a potion of degeneration {unknown}


   Skills:
 + Level 5.2 Fighting
 + Level 4.3 Dodging
 - Level 2.0 Stealth
 + Level 0.6 Shields
 + Level 7.9 Spellcasting
 * Level 9.5 Conjurations
 - Level 1.0 Transmutations
 + Level 8.4 Earth Magic


You had 16 spell levels left.
You knew the following spells:

 Your Spells              Type           Power      Damage    Failure   Level
a - Sandblast             Erth           74%        2d16      1%          1
b - Stone Arrow           Conj/Erth      78%        3d11      1%          3
c - Cause Fear            Hex            3%         N/A       83%         4

Your spell library contained the following spells:

 Spells                   Type           Power      Damage    Failure   Level
 Passwall                 Tmut/Erth      20%        N/A       3%          2
 Beastly Appendage        Tmut           20%        N/A       10%         1
 Wereblood                Tmut           10%        N/A       16%         2
 Corpse Rot               Necr/Air       14%        N/A       22%         2
 Petrify                  Tmut/Erth      24%        N/A       22%         4
 Spider Form              Tmut/Pois      8%         N/A       36%         3
 Gell's Gravitas          Tloc           7%         N/A       41%         3
 Lesser Beckoning         Tloc           7%         N/A       41%         3
 Teleport Other           Tloc           7%         N/A       41%         3
 Lightning Bolt           Conj/Air       12%        1d25      52%         5
 Airstrike                Air            3%         N/A       83%         4
 Dispel Undead            Necr           7%         3d8       83%         4
 Summon Lightning Spire   Summ/Air       7%         N/A       83%         4
 Death Channel            Necr           3%         N/A       100%        6
 Dragon Form              Tmut           5%         N/A       100%        7
 Dragon's Call            Summ           3%         N/A       100%        9


Dungeon Overview and Level Annotations

Branches:
Dungeon (9/15)             Temple (1/1) D:4            Lair (0/6) D:9
    Orc: D:9-12

Altars:
Ashenzari
Cheibriados
Dithmenos
Elyvilon
Kikubaaqudgha
Makhleb
Nemelex Xobeh
Okawaru
Qazlal
Ru
Sif Muna
Uskayaw
Vehumet
Xom
Zin
The Shining One
Beogh

Shops:
D:7 (   D:8 *?(!=


Innate Abilities, Weirdness & Mutations

You can breathe waves of freezing cold which knock back foes.
Your icy white scales are hard. (AC +7)
You cannot fit into any form of body armour.
Your flesh is cold resistant. (rC+)
You are cold-blooded and may be slowed by cold attacks.


Message History

You feel sick. The killer bee closely misses you. The wolf closely misses you.
The gnoll sergeant barely misses you. The killer bee stings you.
The shadow strikes at you from the darkness!
Reactivating autopickup.
As you read the scroll labelled INEC YCEIXOUDE, it crumbles to dust.
It is a scroll of enchant weapon.
Your +0 spear of venom glows red for a moment.
You feel sick. The wolf bites you. The killer bee stings you.
The gnoll sergeant closely misses you. The wolf bites you but does no damage.
The killer bee barely misses you.
The shadow slips into darkness.
The shadow flickers and vanishes!
Deactivating autopickup; reactivate with Ctrl-A.
As you read the scroll labelled RAYMIS LAILEE, it crumbles to dust.
Magic quickly surges around you.
It was a scroll of vulnerability.
You feel sick.
You are no longer poisoned.
The wolf bites you but does no damage. The killer bee barely misses you.
The gnoll sergeant hits you with a +2 trident of protection!
You block the killer bee's attack. The wolf bites you.
* * * LOW HITPOINT WARNING * * *
The shadow strikes at you from the darkness!
* * * LOW HITPOINT WARNING * * *
Reactivating autopickup.
Okay, then.
Okay, then.
The killer bee stings you but does no damage.
The gnoll sergeant hits you from afar with a +2 trident of protection.
* * * LOW HITPOINT WARNING * * *
The killer bee closely misses you.
The shadow slips into darkness.
The shadow flickers and vanishes!
Deactivating autopickup; reactivate with Ctrl-A.
Unknown command.
You hit the killer bee.
The killer bee is poisoned.
The killer bee is moderately wounded.
The wolf bites you but does no damage.
The killer bee stings you but does no damage.
You block the gnoll sergeant's attack. The wolf bites you.
You die...

####...#≈≈≈≈≈≈≈≈≈#....#
##.....
.......#⌠≈≈#'#≈≈⌠#.####
#.###)# ####...#####.#####.#
#.#.... ##..............#
#.#.### #.####.#..###..#
######.#.... #.#
#.##..#######.#....#.###
#.####.....#{....#...##.#....
#..........#.hg∩.#..#...###.#
##########.#@y...#.##.##.....
#.#######.##.####.##
####..######.# #.##
#..>......# #... #.#########
#### #.# #.# #.#######
#.......#


You could see a gnoll sergeant (weak-willed), a wolf (weak-willed) and a killer
bee (very poisoned, weak-willed).

Vanquished Creatures
  Gastronok (D:8)
  A two-headed ogre (D:4)
  Pikel (D:6)
  Maurice (D:8)
  Joseph (D:8)
  A shadow (D:9)
  5 yaks
  2 steam dragons
  A water moccasin (D:8)
  An ice beast (D:6)
  3 orc warriors
  A black bear (D:5)
  3 ogres
  2 centaurs
  A lemure (D:7)
  A phantom (D:8)
  A kobold brigand (D:6)
  2 bullfrogs
  3 scorpions
  A water moccasin skeleton (D:5)
  A killer bee (D:8)
  An electric eel (D:9)
  A centaur zombie (D:7)
  A jelly (D:5)
  7 hounds
  8 orc priests
  A bullfrog skeleton (D:6)
  A gnoll shaman (D:8)
  3 iguanas
  5 orc wizards
  6 gnolls
  2 adders
  A white imp (D:6)
  2 worms
  3 dart slugs
  26 orcs
  8 ball pythons
  6 endoplasms
  6 giant cockroaches
  11 goblins
  7 hobgoblins
  5 jackals
  12 kobolds
  6 quokkas
  5 bats
  4 frilled lizards
  10 rats
182 creatures vanquished.

Vanquished Creatures (others)
  An ufetubus (D:7)
  10 plants (D:6)
11 creatures vanquished.

Grand Total: 193 creatures vanquished

Notes
Turn   | Place    | Note
-------+----------+-------------------------------------------
     0 | D:1      | rogsnak the Draconian Earth Elementalist began the quest
                  | for the Orb.
     0 | D:1      | Reached XP level 1. HP: 14/14 MP: 3/3
   355 | D:1      | Reached XP level 2. HP: 13/20 MP: 5/5
  1024 | D:1      | Found a faded altar of an unknown god.
  1162 | D:1      | Reached XP level 3. HP: 26/26 MP: 6/6
  1166 | D:1      | Learned a level 3 spell: Stone Arrow
  1958 | D:2      | Found a glowing golden altar of the Shining One.
  2854 | D:3      | Noticed an ogre
  2864 | D:3      | Killed an ogre
  2865 | D:3      | Reached skill level 1 in Fighting
  2865 | D:3      | Reached skill level 2 in Conjurations
  2865 | D:3      | Reached XP level 4. HP: 21/35 MP: 1/7
  2865 | D:3      | Reached XP level 5. HP: 24/40 MP: 1/8
  3720 | D:4      | Found a staircase to the Ecumenical Temple.
  3729 | Temple   | Entered the Ecumenical Temple
  3749 | Temple   | Became a worshipper of Sif Muna the Loreminder
  3811 | D:4      | Found a hide-covered altar of Uskayaw.
  4635 | D:3      | Reached XP level 6. HP: 26/48 MP: 8/10
  4881 | D:4      | Found an ancient bone altar of Kikubaaqudgha.
  5039 | D:4      | Reached skill level 3 in Conjurations
  5781 | D:4      | Noticed a two-headed ogre
  5814 | D:4      | Your scales start taking on an icy white colour.
  5814 | D:4      | Reached XP level 7. HP: 52/56 MP: 12/12
  5814 | D:4      | Gained mutation: Your flesh is cold resistant. (rC+) [White
                  | Draconian growth]
  5894 | D:4      | Killed a two-headed ogre
  5895 | D:4      | Reached skill level 4 in Conjurations
  5895 | D:4      | Reached skill level 5 in Earth Magic
  5895 | D:4      | Reached XP level 8. HP: 66/66 MP: 0/15
  6153 | D:5      | Entered Level 5 of the Dungeon
  6302 | D:5      | Reached skill level 5 in Spellcasting
  6518 | D:5      | Reached skill level 5 in Conjurations
  6586 | D:5      | Reached * piety under Sif Muna
  7850 | D:5      | Reached skill level 6 in Conjurations
  8181 | D:6      | Reached XP level 9. HP: 72/72 MP: 10/17
  8565 | D:6      | Learned a level 4 spell: Cause Fear
  9212 | D:7      | Noticed Pikel
  9229 | D:6      | Killed Pikel
  9230 | D:6      | Reached skill level 7 in Conjurations
  9391 | D:7      | Identified the +13 chain mail "Luock" {rPois Will- Int+4}
  9678 | D:6      | Reached ** piety under Sif Muna
  9773 | D:6      | Reached skill level 5 in Fighting
  9908 | D:7      | Reached skill level 8 in Conjurations
 10101 | D:7      | Found Manoga's Weapon Shop.
 10316 | D:8      | Noticed Joseph
 10323 | D:8      | Killed Joseph
 10324 | D:8      | Reached XP level 10. HP: 68/81 MP: 2/20
 10435 | D:8      | Found Pulush's Jewellery Boutique.
 10898 | D:8      | Found Zoiwk's General Store.
 11272 | D:8      | Noticed a cyan ugly thing
 11359 | D:8      | Found Cyal Elu's Distillery.
 11376 | D:8      | Found Geohog's Magic Scroll Boutique.
 11476 | D:8      | Noticed Gastronok
 11476 | D:8      | Noticed Maurice
 11547 | D:8      | HP: 3/81 [Maurice/bolt of acid (34)]
 11549 | D:8      | Killed Maurice
 11982 | D:8      | Found Meamisoc's Antique Weapon Boutique.
 12081 | D:8      | Killed Gastronok
 12082 | D:8      | Reached skill level 9 in Conjurations
 12162 | D:8      | Found a shadowy altar of Dithmenos.
 12216 | D:8      | Found a snail-covered altar of Cheibriados.
 12657 | D:9      | Found a staircase to the Lair.
 12723 | D:8      | HP: 4/81 [something (20)]
 12724 | D:8      | HP: 1/81 [gnoll sergeant (4)]
 12725 | D:8      | Slain by a wolf

Illustrated notes

Levels and vault maps discovered:
D:1:      elethiomel_arrival_infinity_welcomes_careful_drivers, layout_basic,
          hellmonk_ecumenical_altar_lost_god, chequers_serial_rivers_room_b,
          serial_bayou_pond_c
D:2:      layout_loops_ring, basic_altar, minivault_25
D:3:      layout_loops_cross, kennysheep_orc_chapel
D:4:      layout_loops_corners, kiku_gazebo_pond_becter, kennysheep_mini,
          minmay_temple_entry_antechambers, hangedman_decor_peaks_small,
          st_stairs_2
D:5:      layout_rooms
D:6:      layout_basic, lexackson_kobold_supper
D:7:      layout_basic, serial_shops, nicolae_shop_behind_doors, hex_medium,
          uniq_pikel
D:8:      layout_loops_ring, cheibrodos_worm_habitat, grunt_dithmenos_shadows,
          serial_shops, nicolae_take_the_stairs, nicolae_square_shop,
          nicolae_shop_stone, shop, nicolae_shop_stone, grunt_ministairs_14,
          minmay_checkerbox, uniq_gastronok, uniq_joseph, uniq_maurice
D:9:      layout_loops_ring, minitemple, fedhas_altar_fruit_tree,
          erik_lair_island, gammafunk_ghost_hydra_chop, serial_shops, shop,
          serial_park_tiny_pond, uniq_erica
Temple:   minmay_temple_bridge_abc

Skill      XL: |  1  2  3  4  5  6  7  8  9 10 |
---------------+-------------------------------+-----
Dodging        | 2 3 4 |  4.3
Stealth        | 2 |  2.0
Fighting       | 1 2 4 5 |  5.2
Conjurations   | 2 3 4 6 8 9 |  9.5
Earth Magic    | 4 5 6 7 8 |  8.4
Spellcasting   | 3 4 5 6 7 |  7.9
Shields        | |  0.6
Transmutations | |  1.0

Action                   |  1- 3 |  4- 6 |  7- 9 | 10-12 || total
-------------------------+-------+-------+-------+-------++-------
Melee: Club              |   240 |    23 |       |       ||   263
       Tailslap          |    24 |    16 |     5 |     7 ||    52
       Hand axe          |       |    43 |       |       ||    43
       Staff             |       |    34 |       |       ||    34
       Flail             |       |    23 |       |       ||    23
       Spear             |       |    55 |    65 |    35 ||   155
 Cast: Sandblast         |     7 |     9 |     6 |       ||    22
       Stone Arrow       |     1 |     6 |    87 |    70 ||   164
 Abil: Breathe Frost     |       |       |     8 |     2 ||    10
  Use: Scroll            |       |       |       |     5 ||     5
 Stab: Sleeping          |     4 |     7 |     1 |       ||    12
       Distracted        |       |       |     1 |       ||     1
Armor: Skin              |   102 |    86 |    33 |    25 ||   246
Dodge: Dodged            |   183 |   115 |    58 |    50 ||   406
       Repelled          |       |     1 |       |       ||     1
Block: Buckler           |       |       |     7 |    10 ||    17

Table legend: (Time is in decaauts)
 A = Elapsed time spent in this place.
 B = Non-inter-level travel time spent in this place.
 C = Inter-level travel time spent in this place.
 D = Time resting spent in this place.
 E = Time spent auto-exploring this place.
 F = Levels seen in this place.
 G = Mean time per level.
                   A        B        C        D        E       F      G
               +--------+--------+--------+--------+--------+-----+--------+
         Total |  12976 |  12708 |    268 |   4354 |   5250 |  10 | 1297.6 |
       Dungeon |  12935 |  12667 |    268 |   4354 |   5240 |   9 | 1437.2 |
        Temple |     40 |     40 |      0 |      0 |     10 |   1 |   40.0 |
               +--------+--------+--------+--------+--------+-----+--------+

Top non-repeatable levels by time:
     D:4: 2374 daAuts
     D:8: 2079 daAuts
     D:6: 1824 daAuts
     D:1: 1793 daAuts
     D:3: 1201 daAuts
     D:7: 1152 daAuts
     D:5: 1126 daAuts
     D:2: 1092 daAuts
     D:9: 292 daAuts
  Temple: 40 daAuts
